 Dungeon Crawl Stone Soup version 0.29.1-2-gbd0b4ee654 (webtiles) character file.

Game seed: 4723097844005975431

84 zeram the Covered (level 4, -1/40 HPs)
             Began as a Hill Orc Fighter on Nov 7, 2022.
             Succumbed to a water moccasin's poison
             ... in a sewer.
             The game lasted 00:02:42 (1820 turns).

zeram the Covered (Hill Orc Fighter)                Turns: 1820, Time: 00:02:42

Health: -1/40      AC: 11    Str: 20    XL:     4   Next: 45%
Magic:  4/4        EV:  9    Int:  8    God:
Gold:   139        SH:  4    Dex: 10    Spells: 2/3 levels left

rFire   . . .      SeeInvis .   a - +1 war axe
rCold   . . .      Faith    .   c - +0 buckler
rNeg    . . .      Spirit   .   b - +0 scale mail
rPois   .          Reflect  .   (no helmet)
rElec   .          Harm     .   (no cloak)
rCorr   .          Rampage  .   (no gloves)
Will    .....                   (no boots)
Stlth   ..........              (no amulet)
HPRegen 0.13/turn               f - +4 ring of protection
MPRegen 0.09/turn               (no ring)

@: lethally poisoned (-1 -> -16)
A: claws 1, talons 1
a: no special abilities


You were in a sewer.
You visited 1 branch of the dungeon, and saw 3 of its levels.
You also visited: Sewer.

You collected 139 gold pieces.

Inventory:

Hand Weapons
 a - a +1 war axe (weapon)
Armour
 b - a +0 scale mail (worn)
 c - a +0 buckler (worn)
Jewellery
 f - a +4 ring of protection (left claw)
Scrolls
 i - 2 scrolls of blinking {unknown}
Potions
 d - a potion of might
 h - 3 potions of brilliance
 j - a potion of ambrosia


   Skills:
 + Level 4.2 Fighting
 + Level 3.8 Axes
 + Level 4.2 Armour
 + Level 0.2 Dodging
 + Level 3.7 Shields


You had 2 spell levels left.
You knew the following spells:

 Your Spells              Type           Power      Damage    Failure   Level
a - Necrotise             Necr           0%         1d4       85%         1

Your spell library contained the following spells:

 Spells                   Type           Power      Damage    Failure   Level
 Vampiric Draining        Necr           0%         2d6       99%         3
 Agony                    Necr           0%         N/A       100%        5
 Iskenderun's Battlesphe  Conj           0%         2d6       100%        5
 Iron Shot                Conj/Erth      0%         9d1       100%        6
 Spellforged Servitor     Conj/Summ      0%         N/A       100%        7


Dungeon Overview and Level Annotations

Branches:
Dungeon (3/15)              Sewer (1/1)

Altars:


Innate Abilities, Weirdness & Mutations

You have sharp fingernails.
You have sharp toenails.


Message History

You closely miss the water moccasin.
The water moccasin is almost dead.
You feel sick. The water moccasin bites you.
You are lethally poisoned!
The water moccasin poisons you!
The water moccasin bites you but does no damage.
You closely miss the water moccasin.
The water moccasin is almost dead.
* * * LOW HITPOINT WARNING * * *
You feel very sick.
The water moccasin bites you but does no damage.
The water moccasin bites you.
* * * LOW HITPOINT WARNING * * *
It was a potion of ambrosia.
You are confused.
You feel invigorated.
* * * LOW HITPOINT WARNING * * *
You feel sick. The water moccasin barely misses you.
It was a potion of curing.
You feel better.
You feel less invigorated. The water moccasin bites you.
You are poisoned.
The water moccasin poisons you! The water moccasin bites you.
You are lethally poisoned!
The water moccasin poisons you!
You miss the water moccasin.
The water moccasin is almost dead.
* * * LOW HITPOINT WARNING * * *
You feel extremely sick. The water moccasin barely misses you.
The water moccasin bites you but does no damage.
Unknown command.
You hit the water moccasin but do no damage.
The water moccasin is almost dead.
* * * LOW HITPOINT WARNING * * *
You feel very sick. The water moccasin barely misses you.
Unknown command.
It was a potion of mutation.
You feel extremely strange.
Your toenails lengthen and sharpen.
Your fingernails lengthen.
You die...

##### #
#$?#. $
?.#~#~
#~..#
##~~.##
#.~.S@#
#..~~.##
#...#~..#
#..
##..##
#.~ #...#
#. ##~.#
#. #~.#
#.~ #~.#
#.~#
##.~#


You could see a water moccasin.

Vanquished Creatures
  3 adders (D:2)
  A worm (D:2)
  5 dart slugs
  4 ball pythons
  4 endoplasms (D:1)
  3 goblins
  5 hobgoblins
  2 jackals (Sewer)
  2 quokkas
  3 bats
  A frilled lizard (D:1)
  3 kobolds
  6 rats
42 creatures vanquished.

Notes
Turn   | Place    | Note
-------+----------+-------------------------------------------
     0 | D:1      | zeram the Hill Orc Fighter began the quest for the Orb.
     0 | D:1      | Reached XP level 1. HP: 19/19 MP: 1/1
   121 | D:1      | Reached XP level 2. HP: 16/27 MP: 2/2
   523 | D:1      | Reached XP level 3. HP: 33/33 MP: 3/3
   666 | D:1      | Found a faded altar of an unknown god.
  1140 | D:2      | Learned a level 1 spell: Necrotise
  1383 | D:2      | Reached XP level 4. HP: 40/40 MP: 4/4
  1703 | D:3      | Found a glowing drain.
  1729 | Sewer    | Entered a sewer
  1796 | Sewer    | Noticed a water moccasin
  1819 | Sewer    | HP: 2/40 [poisoned by a water moccasin]
  1820 | Sewer    | Gained mutation: You have sharp toenails. [potion of
                  | mutation]
  1820 | Sewer    | Gained mutation: You have sharp fingernails. [potion of
                  | mutation]
  1820 | Sewer    | Succumbed to a water moccasin's poison

Illustrated notes

Levels and vault maps discovered:
D:1:      spicycebolla_arrival_clurvy, layout_rooms,
          chequers_ecumenical_altar_island, wad_floor_pattern_2,
          hangedman_feature_mirror, chequers_avenue, serial_bayou_pond_d
D:2:      layout_basic, minmay_strange_pillars
D:3:      kennysheep_the_goblin_king, layout_loops_cross,
          cheibrodos_sewer_entry_drain, hex_large, kennysheep_pointless_box
Sewer:    sewer_the_moccasin

Skill      XL: |  1  2  3 |
---------------+----------+-----
Fighting       | 4 |  4.2
Axes           | 3 |  3.8
Armour         | 4 |  4.2
Dodging        | |  0.2
Shields        | |  3.7

Action                   |  1- 3 |  4- 6 || total
-------------------------+-------+-------++-------
Melee: War axe           |    87 |    36 ||   123
  Use: Scroll            |     4 |     2 ||     6
       Potion            |       |     3 ||     3
Armor: Scale mail        |    46 |    20 ||    66
Dodge: Dodged            |    58 |    23 ||    81
Block: Buckler           |    16 |     8 ||    24
